 Dungeon Crawl Stone Soup version 0.29-a0-422-gafbd6decc1 (console) character file.

Game seed: 17847022405528527974

29009 om the Carver (level 13, -14/168 (180) HPs)
             Began as a Troll Berserker on May 18, 2022.
             Was an Elder of Trog.
             Demolished by an orc warrior
             ... wielding a +0 dire flail
              (15 damage)
             ... on level 2 of the Orcish Mines.
             The game lasted 00:40:22 (17717 turns).

om the Carver (Troll Berserker)                    Turns: 17717, Time: 00:40:23

HP:   -14/168 (180) AC:  8    Str: 28    XL:     13   Next: 12%
MP:   12/12         EV: 16    Int:  5    God:    Trog [****..]
Gold: 1381          SH: 14    Dex: 11    Spells: 12/12 levels left

rFire   . . .      SeeInvis .   u - +7 Throatcutter {drain, coup de grace}
rCold   + . .      Faith    .   m - +0 kite shield
rNeg    . . .      Spirit   .   p - +0 acid dragon scales
rPois   .          Reflect  +   (helmet restricted)
rElec   .          Harm     .   (no cloak)
rCorr   +          Rampage  .   (gloves unavailable)
Will    .....                   (boots unavailable)
Stlth   ..........              b - amulet of reflection
HPRegen 1.18/turn               j - ring of protection from cold
MPRegen 0.13/turn               E - +4 ring of evasion

@: berserking (expiring), spiked, drained, very quick
A: large, unfitting armour, claws 3, regeneration 1, shaggy fur 1, tough skin 1
a: Renounce Religion, Berserk, Trog's Hand, Brothers in Arms


You were on level 2 of the Orcish Mines.
You worshipped Trog.
Trog was greatly pleased with you.
You visited 2 branches of the dungeon, and saw 15 of its levels.

You collected 1628 gold pieces.
You spent 247 gold pieces at shops.

Inventory:

Hand Weapons
 u - the +7 Throatcutter (weapon) {drain, coup de grace}
   (You found it on level 6 of the Dungeon)

   A truly terrible weapon, it drains the life of any living foe it strikes.
   It may instantly kill foes which have little health.
 v - a +1 scimitar of flaming
Armour
 m - a +0 kite shield (worn)
 p - +0 acid dragon scales (worn)
 w - +0 steam dragon scales
Jewellery
 b - an amulet of reflection (around neck)
 j - a ring of protection from cold (left claw)
 o - a ring of magical power
 E - a +4 ring of evasion (right claw)
 H - a ring of willpower
Wands
 n - a wand of flame (35)
 s - a wand of charming (14)
 x - a wand of polymorph (16)
 y - a wand of digging (8)
 A - a wand of mindburst (3)
 B - a wand of acid (1)
 F - a wand of iceblast (5)
 I - a wand of paralysis (5)
Scrolls
 f - 3 scrolls of identify
 h - 4 scrolls of fog
 k - 3 scrolls of magic mapping
 l - 3 scrolls of blinking
 r - 2 scrolls of teleportation
 t - a scroll of fear
 z - a scroll of vulnerability
 C - a scroll of summoning
 D - a scroll of enchant armour
 G - a scroll of enchant weapon
Potions
 a - 3 potions of heal wounds
 c - 10 potions of curing
 d - 3 potions of might
 e - 4 potions of lignification
 g - a potion of magic
 i - a potion of invisibility
 q - 3 potions of flight


   Skills:
 - Level 6.0 Fighting
 * Level 11.8 Long Blades
 - Level 8.0 Maces & Flails
 + Level 11.2 Dodging
 - Level 6.0 Shields


You had 12 spell levels left.
You didn't know any spells.
Your spell library was empty.

Dungeon Overview and Level Annotations

Branches:
Dungeon (13/15)            Temple (0/1) D:6            Lair (0/6) D:11
    Orc (2/2) D:10            Elf (0/3) Orc:2
 Vaults: D:13-14

Altars:
Ashenzari
Hepliaklqana
Kikubaaqudgha
Nemelex Xobeh
Okawaru
Ru
Sif Muna
Vehumet
Xom
Yredelemnul
Zin
Beogh

Shops:
D:2 (   D:8 **   Orc:1 **

Portals:
Trove: D:13 (give 8 potions of haste)

Annotations:
D:13 exclusion: 2 doors


Innate Abilities, Weirdness & Mutations

You are too large for most types of armour.
You have claws for hands.
Your natural rate of healing is unusually fast.
You are covered in fur. (AC +1)
You have tough skin. (AC +1)


Message History

The sixfirhy is severely wounded.
The sixfirhy hits you. The sixfirhy shocks you!
The sixfirhy closely misses you.
The barbs in your skin will harm you if you move.
Continue?
The sixfirhy attacks as you move away! The sixfirhy hits you.
The sixfirhy shocks you!
The barbed spikes dig painfully into your body as you move.
You block the sixfirhy's attack.
The red devil hits you from afar with a +2 demon trident of draining!
Barbed spikes become lodged in your body.
You feel drained.
* * * LOW HITPOINT WARNING * * *
You miss the orc high priest. Something hits your ogre!
Something shocks your ogre!
The orc high priest invokes the aid of Beogh against you.
Beogh smites you!
* * * LOW HITPOINT WARNING * * *
The orc high priest prays.
You block the orc high priest's attack. Something barely misses your ogre.
The red devil completely misses you.
You slash the orc high priest!
The orc high priest is moderately wounded.
The sixfirhy barely misses you.
The sixfirhy hits you but does no damage.
The orc high priest invokes the aid of Beogh against you.
Beogh smites you!
* * * LOW HITPOINT WARNING * * *
You block the orc high priest's attack.
You barely miss the orc high priest.
The orc high priest is moderately wounded.
You block the sixfirhy's attack. The sixfirhy hits you!
* * * LOW HITPOINT WARNING * * *
The sixfirhy shocks you!
* * * LOW HITPOINT WARNING * * *
You block the red devil's attack.
You slash the orc high priest!
The orc high priest is heavily wounded.
You block the sixfirhy's attack. The sixfirhy hits you.
* * * LOW HITPOINT WARNING * * *
The sixfirhy shocks you!
* * * LOW HITPOINT WARNING * * *
The orc warrior hits you with a +0 dire flail!
You die...

####### # ###.....###
##.. ##.........###
##.... .............##
#.....
..............###......
#.#.#.#.#.#.#.#.#o#.#.#.
...............3@o3.....
).)..[.)......#3#o......
....[[[..........4......
#.#.#.#.#.#.#.#.#.#.#.#.
..............###.......
.............## #......
##.........### ##....
###.....### ##.. #######


You could see 2 orc high priests, 2 sixfirhies, a neqoxec (summoned), a red
devil (summoned) and an orc warrior.

Vanquished Creatures
  A boulder beetle (D:12)
  Erolcha (D:13)
  2 two-headed ogres
  2 centaur warriors
  3 orc high priests
  Pikel (D:6)
  4 orc knights (Orc:2)
  An orc sorcerer (Orc:2)
  2 deep elf pyromancers (D:12)
  2 ugly things
  A cyclops (D:12)
  A manticore (D:11)
  Joseph (D:8)
  Maggie (D:8)
  A gargoyle (D:11)
  An unseen horror (D:13)
  2 kobold demonologists
  A komodo dragon (D:12)
  A yaktaur (D:13)
  4 trolls
  Prince Ribbit (D:8)
  5 slime creatures (D:12)
  Sigmund (D:2)
  A shadow (D:12)
  15 yaks
  A wyvern (D:8)
  The ghost of Joey1 the Chopper, an amateur MiFi (D:3)
  2 vampire mosquitoes (D:11)
  3 wargs (Orc:1)
  An acid dragon (D:11)
  4 water moccasins
  28 orc warriors
  4 sky beasts
  2 ice beasts
  2 black bears
  7 ogres
  4 centaurs (D:12)
  2 phantoms
  Blork the orc (D:6)
  5 kobold brigands
  9 bullfrogs
  A gnoll sergeant (D:5)
  4 scorpions
  22 wights
  15 killer bees
  9 howler monkeys
  6 jellies
  8 hounds
  23 orc priests
  5 gnoll shamans
  14 orc wizards
  6 iguanas
  28 gnolls
  12 adders
  5 worms
  2 dart slugs
  50 orcs
  5 ball pythons
  8 endoplasms
  5 giant cockroaches
  9 goblins
  11 hobgoblins
  4 jackals
  4 quokkas
  5 bats
  3 frilled lizards
  22 kobolds
  2 rats (D:1)
420 creatures vanquished.

Vanquished Creatures (collateral kills)
  A cyclops (D:12)
1 creature vanquished.

Vanquished Creatures (others)
  An orc high priest (Orc:2)
  19 fungi (D:11)
  22 plants
42 creatures vanquished.

Grand Total: 463 creatures vanquished

Notes
Turn   | Place    | Note
-------+----------+-------------------------------------------
     0 | D:1      | om the Troll Berserker began the quest for the Orb.
     0 | D:1      | Reached XP level 1. HP: 22/22 MP: 0/0
   220 | D:1      | Reached XP level 2. HP: 29/29 MP: 1/1
   464 | D:2      | Noticed Sigmund
   475 | D:2      | Killed Sigmund
   476 | D:2      | Reached XP level 3. HP: 20/37 MP: 2/2
   476 | D:2      | Reached XP level 4. HP: 24/45 MP: 3/3
   476 | D:2      | Reached XP level 5. HP: 29/53 MP: 4/4
   543 | D:2      | Found a faded altar of an unknown god.
  1005 | D:2      | Found Isecabe's Weapon Shoppe.
  1030 | D:2      | Reached ** piety under Trog
  1078 | D:3      | Found a runed translucent gate.
  1078 | D:3      | Found a runed translucent gate.
  1078 | D:3      | Found a runed translucent gate.
  1138 | D:3      | Noticed Joey1's ghost (amateur MiFi)
  1793 | D:3      | Found a hazy altar of Hepliaklqana.
  1805 | D:3      | Reached XP level 6. HP: 61/61 MP: 5/5
  2034 | D:4      | Reached skill level 5 in Maces & Flails
  2266 | D:4      | Found a sparkling altar of Nemelex Xobeh.
  2666 | D:4      | Identified the +1 leather armour "Koadeitz" {Str+3 Int+3}
  2710 | D:3      | Reached XP level 7. HP: 34/68 MP: 6/6
  2972 | D:5      | Entered Level 5 of the Dungeon
  3144 | D:4      | HP: 3/70 [black bear (2)]
  3285 | D:5      | Reached XP level 8. HP: 64/78 MP: 7/7
  3680 | D:5      | Reached skill level 5 in Dodging
  3729 | D:5      | Found a basalt altar of Yredelemnul.
  3730 | D:5      | Found a shimmering altar of Xom.
  4354 | D:6      | Found the +7 Throatcutter {drain, coup de grace}
  4354 | D:6      | Noticed Pikel
  4368 | D:6      | Killed Pikel
  4369 | D:6      | Reached skill level 5 in Fighting
  4369 | D:6      | Reached XP level 9. HP: 88/88 MP: 8/8
  4525 | D:6      | Found a staircase to the Ecumenical Temple.
  4590 | D:6      | Noticed Blork the orc
  4604 | D:6      | Killed Blork the orc
  4604 | D:6      | Reached *** piety under Trog
  4658 | D:6      | Found a broken altar of Ashenzari.
  4683 | D:6      | Found a radiant altar of Vehumet.
  5606 | D:7      | Reached skill level 1 in Long Blades
  5700 | D:7      | Found an ancient bone altar of Kikubaaqudgha.
  5993 | D:7      | Reached XP level 10. HP: 98/98 MP: 9/9
  6437 | D:8      | Noticed Joseph
  6451 | D:8      | Killed Joseph
  6452 | D:8      | Reached skill level 1 in Shields
  6542 | D:8      | Found a shimmering blue altar of Sif Muna.
  6583 | D:8      | Noticed Maggie
  6593 | D:8      | Killed Maggie
  6829 | D:8      | Found Viubboom's General Store.
  6837 | D:8      | Bought a scroll of blinking for 112 gold pieces
  6837 | D:8      | Bought a potion of curing for 45 gold pieces
  7041 | D:3      | Killed Joey1's ghost
  7248 | D:8      | Found an iron altar of Okawaru.
  7332 | D:8      | Reached skill level 5 in Long Blades
  7546 | D:8      | Found Zin's Purification Station.
  7546 | D:8      | Found a glowing silver altar of Zin.
  7738 | D:8      | Noticed Prince Ribbit
  7745 | D:8      | Killed Prince Ribbit
  7793 | D:8      | Reached **** piety under Trog
  8620 | D:9      | You fall into a shaft and drop 1 floor!
  8620 | D:10     | Entered Level 10 of the Dungeon
  8643 | D:10     | Identified the +2 robe of Poeshur {rC+ Dex-4 Archmagi}
  9727 | D:10     | Found a sacrificial altar of Ru.
  9813 | D:10     | Noticed a two-headed ogre
  9839 | D:10     | Killed a two-headed ogre
  9840 | D:10     | Reached XP level 11. HP: 40/105 MP: 10/10
  9960 | D:10     | Found a staircase to the Orcish Mines.
 10569 | D:11     | Reached skill level 5 in Shields
 10702 | D:11     | Found a staircase to the Lair.
 10706 | D:11     | Reached ***** piety under Trog
 11026 | D:11     | Noticed a centaur warrior
 11036 | D:11     | Killed a centaur warrior
 11096 | D:11     | Noticed a two-headed ogre
 11106 | D:11     | Killed a two-headed ogre
 11759 | D:12     | Noticed a deep elf pyromancer
 11765 | D:12     | Killed a deep elf pyromancer
 11872 | D:12     | Noticed a purple ugly thing
 11890 | D:12     | Killed a purple ugly thing
 12019 | D:12     | Noticed a boulder beetle
 12020 | D:12     | Noticed a deep elf pyromancer
 12028 | D:12     | Reached XP level 12. HP: 114/114 MP: 11/11
 12228 | D:12     | Reached skill level 10 in Dodging
 12717 | D:12     | Killed a boulder beetle
 13467 | D:13     | Reached skill level 10 in Long Blades
 13502 | D:13     | Noticed Erolcha
 13511 | D:13     | Killed Erolcha
 13543 | D:13     | Noticed a centaur warrior
 13552 | D:13     | Killed a centaur warrior
 13643 | D:13     | Found a portal to a secret trove of treasure.
 14265 | Orc:1    | Entered Level 1 of the Orcish Mines
 14473 | Orc:1    | Found Esakokh's General Store.
 14478 | Orc:1    | Found Kinosog's Specific Store.
 14481 | Orc:1    | Noticed an orc high priest
 14945 | Orc:1    | Killed an orc high priest
 15137 | Orc:1    | Bought a potion of heal wounds for 90 gold pieces
 15218 | Orc:2    | Entered Level 2 of the Orcish Mines
 15287 | Orc:2    | Found a staircase to the Elven Halls.
 16807 | Orc:2    | Noticed an orc high priest
 16824 | Orc:2    | Killed an orc high priest
 16873 | Orc:2    | Noticed an orc high priest
 16884 | Orc:2    | Killed an orc high priest
 16885 | Orc:2    | Reached XP level 13. HP: 120/120 MP: 12/12
 16916 | Orc:1    | HP: 3/120 [orc warrior/+0 flail (21)]
 17717 | Orc:2    | HP: 1/168 [sixfirhy[an orc high priest] (10)]
 17717 | Orc:2    | Demolished by an orc warrior

Illustrated notes

Levels and vault maps discovered:
D:1:      wander_arrival_chamber, layout_basic
D:2:      layout_rooms, serial_shops, shop,
          shapermc_ecumenical_altar_mp_highgroup, uniq_sigmund
D:3:      layout_basic, mainiacjoe_overflow_chevrons, ebering_ghost_rock_garden
D:4:      layout_basic, mainiacjoe_overflow_alcove_4
D:5:      wad_pebble_path, layout_gridville, gammafunk_temple_overflow_wave,
          hangedman_abyss_or_decor_stabs, chequers_serial_rivers_marsh,
          minmay_starry_boxes
D:6:      layout_basic, general_overflow_altar, ashenzari_altar_1,
          minmay_temple_entry_slanted, uniq_pikel, uniq_blork_the_orc
D:7:      layout_rooms, minmay_fountain_box, corexii_leaking_fountain,
          kennysheep_flooded_box, hangedman_abyss_or_decor_stagger,
          grunt_ogre_cave
D:8:      corexii_shantytown, layout_loops_corners,
          mainiacjoe_overflow_alcove_2, kennysheep_orc_sif_temple, zin_purify,
          serial_shops, shop, uniq_prince_ribbit1, uniq_maggie, uniq_joseph
D:9:      layout_stronghold
D:10:     layout_roguey, mainiacjoe_overflow_concentric_impassable, orc_0_dummy
D:11:     layout_grid_maze, due_lair_maze_entry_diamond
D:12:     layout_basic
D:13:     layout_roguey, trove_entry_hex_spiral, minmay_misc_feat_square,
          uniq_erolcha
Orc:1:    layout_diamond_mine, basic_altar, nicolae_specific_store,
          nicolae_orc_lost_temple
Orc:2:    st_orc_pillars, layout_diamond_mine, basic_altar

Skill      XL: |  1  2  3  4  5  6  7  8  9 10 11 12 |
---------------+-------------------------------------+-----
Maces & Flails | 3 4 5 6 8 |  8.0
Fighting       | 3 4 5 6 |  6.0
Dodging        | 3 4 6 8 9 11 | 11.2
Long Blades    | 3 6 8 11 | 11.8
Shields        | 4 6 |  6.0

Action                   |  1- 3 |  4- 6 |  7- 9 | 10-12 | 13-15 || total
-------------------------+-------+-------+-------+-------+-------++-------
Melee: Mace              |    62 |    78 |       |       |       ||   140
       Flail             |       |   132 |    74 |       |       ||   206
       Giant spiked club |       |       |    74 |       |       ||    74
       Long sword        |       |       |   106 |   798 |    78 ||   982
       Punch             |       |       |     2 |       |       ||     2
       Scimitar          |       |       |       |       |    16 ||    16
Throw: Throwing net      |       |       |       |     1 |       ||     1
Invok: Berserk           |     1 |     2 |    16 |    28 |     3 ||    50
       Trog's Hand       |       |       |     2 |     2 |     1 ||     5
       Brothers in Arms  |       |       |       |     1 |     1 ||     2
Evoke: Wand              |       |       |       |     7 |       ||     7
  Use: Scroll            |       |     7 |     7 |     6 |       ||    20
       Potion            |       |     2 |     7 |     1 |     1 ||    11
 Stab: Sleeping          |       |     2 |       |       |       ||     2
Armor: Animal skin       |    25 |    86 |    67 |       |       ||   178
       Robe              |       |       |    29 |     6 |       ||    35
       Steam dragon scal |       |       |       |    65 |       ||    65
       Acid dragon scale |       |       |       |    88 |     5 ||    93
Dodge: Dodged            |    53 |   108 |   177 |   373 |    53 ||   764
Block: Kite shield       |       |    52 |    35 |   543 |    77 ||   707
       Reflection        |       |       |       |    14 |       ||    14

Table legend: (Time is in decaauts)
 A = Elapsed time spent in this place.
 B = Non-inter-level travel time spent in this place.
 C = Inter-level travel time spent in this place.
 D = Time resting spent in this place.
 E = Time spent auto-exploring this place.
 F = Levels seen in this place.
 G = Mean time per level.
                   A        B        C        D        E       F      G
               +--------+--------+--------+--------+--------+-----+--------+
         Total |  18421 |  17084 |   1337 |   5080 |   8205 |  15 | 1228.1 |
       Dungeon |  15352 |  14120 |   1232 |   3957 |   7194 |  13 | 1180.9 |
  Orcish Mines |   3069 |   2965 |    104 |   1122 |   1011 |   2 | 1534.5 |
               +--------+--------+--------+--------+--------+-----+--------+

Top non-repeatable levels by time:
    D:11: 1692 daAuts
     D:8: 1681 daAuts
   Orc:2: 1618 daAuts
     D:6: 1567 daAuts
    D:12: 1506 daAuts
   Orc:1: 1451 daAuts
     D:4: 1281 daAuts
     D:9: 1254 daAuts
     D:5: 1139 daAuts
    D:10: 1121 daAuts
    D:13: 1042 daAuts
     D:3: 1036 daAuts
     D:7: 866 daAuts
     D:2: 656 daAuts
     D:1: 506 daAuts
